Map: Odyssey LE

Players

Neeblet (Neeb)

  • Race: Protoss Protoss
  • League: Master
  • Spawn Location: 11:00

Guru - Winner!

  • Race: Zerg Zerg
  • League: Grandmaster
  • Spawn Location: 5:00

Event: HomeStory Cup XVI

VOD

Have the link to the VOD?

Description

Time

  • Played on: Nov. 9, 2017, 7:58 a.m.
  • Length: 4:09

All games in this series

Show
View Real Time Build Order
Export as new Build Order

Neeblet Protoss 

Build Orders: 1 Gate Expand 

Get SALT Encoding   

  12  0:02  Probe (Chrono Boost)  
  14  0:14  Probe (Chrono Boost)  
  14  0:17  Pylon  
  14  0:26  Probe (Chrono Boost)  
  15  0:32  Probe (Chrono Boost)  
  15  0:40  Gateway, Probe (Chrono Boost)  
  17  0:47  Assimilator  
  17  0:52  Probe (Chrono Boost)  
  19  1:05  Probe (Chrono Boost)  
  19  1:17  Probe (Chrono Boost)  
  20  1:24  Nexus  
  20  1:33  Cybernetics Core  
  20  1:39  Probe (Chrono Boost)  
  21  1:45  Assimilator  
  21  1:51  Probe (Chrono Boost)  
  21  1:53  Pylon  
  22  2:01  Probe (Chrono Boost)  
  22  2:07  Probe (Chrono Boost)  
  23  2:10  Warp Gate  
  23  2:11  Adept  
  26  2:17  Probe (Chrono Boost)  
  27  2:29  Probe (Chrono Boost)  
  28  2:31  Stargate  
  28  2:33  Probe (Chrono Boost)  
  29  2:39  Adept  
  29  2:40  Probe (Chrono Boost)  
  29  2:41  Probe (Chrono Boost)  
  34  2:52  Probe (Chrono Boost)  
  34  2:53  Probe (Chrono Boost)  
  35  2:58  Gateway  
  35  3:00  Adept  
  37  3:06  Gateway  
  39  3:15  Void Ray  
  39  3:17  Adept  
  41  3:20  Pylon  
  41  3:28  Pylon  
  41  3:36  Probe (Chrono Boost)  
  41  3:37  Probe (Chrono Boost)  
  39  3:48  Probe (Chrono Boost)  
  39  3:50  Probe (Chrono Boost)  
  27  4:02  Gateway  
Show
View Real Time Build Order
Export as new Build Order

Guru Zerg - Winner!

Build Orders: Hatch First 

Get SALT Encoding   

  12  0:01  Drone  
  13  0:12  Overlord  
  13  0:17  Drone  
  14  0:31  Drone x2  
  17  0:35  Drone  
  17  0:53  Hatchery  
  17  0:55  Drone  
  17  0:58  Drone  
  18  1:09  Extractor  
  17  1:13  Spawning Pool  
  17  1:16  Drone  
  17  1:19  Drone  
  18  1:29  Drone  
  19  1:39  Drone  
  20  1:59  Queen  
  22  2:04  Queen  
  22  2:07  Zergling x2  
  25  2:08  Metabolic Boost  
  25  2:11  Zergling x2  
  25  2:12  Zergling x4  
  28  2:21  Evolution Chamber  
  27  2:23  Overlord, Zergling x2  
  28  2:42  Zergling x2  
  28  2:43  Zergling x4  
  32  2:44  Zergling x2  
  32  2:47  Overlord  
  32  2:55  Zergling x2  
  33  2:59  Zergling x2  
  34  3:06  Zergling x2  
  34  3:10  Zergling x2  
  36  3:14  Zergling x4  
  36  3:15  Zergling x2  
  36  3:16  Zergling x6  
  42  3:20  Zergling x2  
  42  3:21  Zergling x2  
  43  3:29  Overlord  
  43  3:41  Zergling x2  
  43  3:51  Zergling x4  
Tags
 
Add a new tag
Caveats
  • Supply blocks, unpowered buildings, or Contaminate may cause inaccurate times.
  • Supply counts are checked every 10 seconds.